 Dungeon Sprint DCSS version 0.16-a0-4004-g8d6611c (webtiles) character file.

2100000 PolkaDot the Sensei (level 13, -51/115 HPs)
             Began as a Vampire Monk on Feb 15, 2015.
             Was a Priest of Makhleb.
             Annihilated by a meat berserker
             ... wielding a +9 battleaxe
              (58 damage)
             ... in the Dungeon (Sprint VIII: "Arena of Blood").
             The game lasted 00:00:40 (21 turns).

PolkaDot the Sensei (Vampire Monk)                    Turns: 21, Time: 00:00:40

Health: -51/115    AC:  2    Str: 10    XL:     13   Next: 26%
Magic:  12/13      EV: 28    Int: 12    God:    Makhleb [***...]
Gold:   0          SH:  0    Dex: 20    Spells: 0 memorised, 12 levels left

rFire  . . .     SeeInvis +     i - +∞ Axe of Woe
rCold  . . .     Clarity  .     a - +0 robe
rNeg   + . .     SustAb   .     (no shield)
rPois  .         Gourm    .     (no helmet)
rElec  .         Spirit   .     (no cloak)
rCorr  .         Warding  .     (no gloves)
rMut   .         NoTele   +     (no boots)
MR     +....                    (no amulet)
Stlth  +++++.....               (no ring)
                                (no ring)

@: somewhat resistant to hostile enchantments, quite stealthy
A: bottle blood, fangs 3, see invisible, unbreathing
a: Bat Form, Minor Destruction, Lesser Servant of Makhleb, Renounce Religion


You were in the Dungeon.
You worshipped Makhleb.
Makhleb was most pleased with you.
You were not thirsty.

You visited 1 branch

Inventory:

Hand weapons
 i - the +∞ Axe of Woe (weapon)
   (You found it in the Dungeon)
Armour
 a - a +0 robe (worn)
Scrolls
 h - a scroll of blinking
Potions
 b - a potion of blood {@*1}
 c - a potion of curing
 d - a potion of heal wounds
 e - a potion of haste
 f - 2 potions of magic
 g - a potion of berserk rage


   Skills:
 + Level 15.0 Fighting
 + Level 2.5 Axes
 + Level 17.6 Dodging
 + Level 10.1 Stealth
 + Level 25.6 Unarmed Combat


You had 12 spell levels left.
You didn't know any spells.

Dungeon Overview and Level Annotations

Branches:
Dungeon (1/1)

Altars:
Makhleb


Innate Abilities, Weirdness & Mutations

You can bottle blood from corpses.
You have razor-sharp teeth.
You have supernaturally acute eyesight.
You can survive without breathing.


Message History

You hear a shout!
Use which ability? (? or * to list)
Your transformation has ended.
The +∞ Axe of Woe unmelds from your body.
Your +0 robe unmelds from your body.
You hear a shout! x10
The meat berserker rages.
You hear a shout! x2
The destroyer moves out of view.
You hear a shout! x4
The meat berserker hits you with a +9 battleaxe!!!
Ouch! That really hurt!
* * * LOW HITPOINT WARNING * * *
You hear a shout!
The meat berserker hits you with a +9 battleaxe!!!
* * * LOW HITPOINT WARNING * * *
You hear a shout!
The meat berserker hits you with a +9 battleaxe!!!
Ouch! That really hurt!
You die...

.## ....... .
##.....##.#
.............
#..........#.#.
#...............
#....O..........
.Vo#.O...o.........
..o.....@O......O..
........OO.....o.....
......#.......#....o.
#.....#.......# .....
.O..###.C..o..###.o....
........###.....o.....
........_............
...o#.....#.......#.#
...#_.<._#..........


You could see a destroyer (wandering), a large bag of meat (inner flame), 7 meat
berserkers and 6 bags of meat.

Vanquished Creatures
  3 orcs (D)
3 creatures vanquished.

Notes
Turn   | Place    | Note
--------------------------------------------------------------
     0 | D        | PolkaDot, the Vampire Monk, began the quest for the Orb.
     0 | D        | Reached XP level 1. HP: 17/17 MP: 1/1
     3 | D        | Noticed a bag of meat
     4 | D        | Noticed a bag of meat
     4 | D        | Became a worshipper of Makhleb the Destroyer
     4 | D        | Acquired Makhleb's first power
     4 | D        | Acquired Makhleb's second power
     5 | D        | Noticed a bag of meat
     6 | D        | Noticed a bag of meat
     7 | D        | Noticed a bag of meat
     7 | D        | Killed a bag of meat
     7 | D        | Reached skill level 12 in Fighting
     7 | D        | Reached skill level 14 in Dodging
     7 | D        | Reached skill level 21 in Unarmed Combat
     7 | D        | Reached XP level 2. HP: 20/38 MP: 2/2
     7 | D        | Reached XP level 3. HP: 23/44 MP: 3/3
     7 | D        | Reached XP level 4. HP: 26/51 MP: 4/4
     7 | D        | Reached XP level 5. HP: 29/57 MP: 5/5
     7 | D        | Reached XP level 6. HP: 32/64 MP: 6/6
     7 | D        | Reached XP level 7. HP: 35/70 MP: 7/7
     7 | D        | Reached XP level 8. HP: 38/76 MP: 8/8
     7 | D        | Reached XP level 9. HP: 41/82 MP: 9/9
     7 | D        | Reached XP level 10. HP: 44/89 MP: 10/10
     7 | D        | Reached XP level 11. HP: 46/95 MP: 11/11
     8 | D        | Killed a bag of meat
     8 | D        | Reached skill level 1 in Axes
     8 | D        | Reached skill level 23 in Unarmed Combat
     8 | D        | Reached XP level 12. HP: 87/106 MP: 12/12
     9 | D        | Killed a bag of meat
     9 | D        | Acquired Makhleb's third power
     9 | D        | Reached skill level 15 in Fighting
     9 | D        | Reached skill level 10 in Stealth
     9 | D        | Reached skill level 25 in Unarmed Combat
     9 | D        | Reached XP level 13. HP: 111/115 MP: 13/13
    10 | D        | Noticed a bag of meat
    11 | D        | Noticed a bag of meat
    11 | D        | Noticed a bag of meat
    12 | D        | Noticed a bag of meat
    12 | D        | Noticed a bag of meat
    12 | D        | Noticed a bag of meat
    12 | D        | Noticed a bag of meat
    15 | D        | Noticed a meat berserker
    15 | D        | Noticed a meat berserker
    16 | D        | Noticed a meat berserker
    17 | D        | Noticed a bag of meat
    18 | D        | Noticed a bag of meat
    19 | D        | Noticed a bag of meat
    19 | D        | Noticed a meat berserker
    20 | D        | Noticed a meat berserker
    20 | D        | Noticed a large bag of meat
    20 | D        | Noticed a destroyer
    21 | D        | Annihilated by a meat berserker

Action                   |  1- 3 |  4- 6 |  7- 9 | 10-12 | 13-15 || total
-------------------------+-------+-------+-------+-------+-------++-------
Melee: Executioner's axe |     1 |       |       |     2 |       ||     3
 Abil: End Transformatio |       |       |       |       |     1 ||     1
       Bat Form          |       |       |       |       |     1 ||     1
